 Dungeon Crawl Stone Soup version 0.19.1-1-g22dce08 (webtiles) character file.

44 MovingMist the Skirmisher (level 3, -1/23 HPs)
             Began as a Gargoyle Abyssal Knight on Jan 20, 2017.
             Was a Believer of Lugonu.
             Killed from afar by Sigmund (8 damage)
             ... with a magic dart
             ... on level 2 of the Dungeon.
             The game lasted 00:02:47 (677 turns).

MovingMist the Skirmisher (Gargoyle Abyssal Knight)  Turns: 677, Time: 00:02:47

Health: -1/23      AC:  8    Str: 15    XL:     3   Next: 60%
Magic:  4/4        EV: 11    Int: 12    God:    Lugonu [**....]
Gold:   69         SH:  0    Dex: 10    Spells: 0 memorised, 2 levels left

rFire  . . .     SeeInvis .     a - +1 mace
rCold  . . .     Gourm    .     l - +0 ring mail
rNeg   + . .     Faith    .     (no shield)
rPois  ∞         Spirit   .     (no helmet)
rElec  +         Reflect  .     (no cloak)
rCorr  +         Harm     .     (no gloves)
MR     .....                    (no boots)
Stlth  ..........               (no amulet)
                                (no ring)
                                b - ring of resist corrosion

@: no status effects
A: negative energy resistance 1, electricity resistance, unbreathing,
petrification resistance, rot immunity, AC +3
a: Depart the Abyss, Bend Space, Renounce Religion


You were on level 2 of the Dungeon.
You worshipped Lugonu.
Lugonu was pleased with you.
You were not hungry.

You visited 1 branch of the dungeon, and saw 2 of its levels.
You visited the Abyss 1 time.

You collected 69 gold pieces.

Inventory:

Hand Weapons
 a - a +1 mace (weapon)
Missiles
 j - 2 javelins of returning (quivered)
Armour
 l - a +0 ring mail (worn)
Jewellery
 b - a ring of resist corrosion (left hand)
Scrolls
 d - a scroll of amnesia {unknown}
 e - 3 scrolls of identify {unknown}
 h - 2 scrolls of remove curse {unknown}
Potions
 f - a potion of brilliance {unknown}
 i - a potion of might {unknown}
 k - 2 potions of heal wounds {unknown}
 m - a potion of haste {unknown}
Comestibles
 c - a bread ration
 g - 6 chunks of flesh


   Skills:
 + Level 3.4 Fighting
 + Level 2.4 Maces & Flails
 - Level 2.1 Armour
 * Level 2.1 Dodging
 + Level 2.2 Invocations


You had 2 spell levels left.
You didn't know any spells.

Dungeon Overview and Level Annotations

Branches:
Dungeon (2/15)

Altars:

Annotations:
D:2 Sigmund


Innate Abilities, Weirdness & Mutations

You are resistant to torment.
Your stone body is resilient. (AC +3)
You are immune to poison.
You resist negative energy. (rN+)
You are resistant to electric shocks. (rElec)
You can survive without breathing.
You are immune to petrification.
You are immune to rotting.


Message History

Sigmund points at you and mumbles some strange words.
The puff of flame hits you!
Sigmund points at you and mumbles some strange words.
You are more confused.
Sigmund mumbles some strange words.
Sigmund flickers and vanishes!
Deactivating autopickup; reactivate with Ctrl-A.
You are more confused.
Found a dagger.
A puff of flame appears from out of thin air!
The puff of flame hits you!
You bump into the rock wall.
You're too confused to move!
Something hits you.
You're too confused to move!
You feel less confused. Something hits you but does no damage.
Found a scroll labeled MOC OMINGONN.
A magic dart appears from out of thin air!
The magic dart hits you!
You die...

.....# #...........##.......
.....# #...........##......#
.....### #...........##......#
.......######...........##....(.#
........................##......#
.......#########+#'#######......#
.................................
.......#######.#.#.#.............
###..........#.#@#.#............#
###.........?#...#.#............#
.............##..#.#####)####....
###..........##........#.# ###..
................)......#.# #..
#......######..........#.# #..
#......# #.##.#######.# ...
#......# #.##..# #.# ... #......#
#.###.# #.#


There were no monsters in sight!

Vanquished Creatures
  An ooze (D:1)
  A dart slug (D:1)
  2 ball pythons (D:1)
  9 bats
  3 giant cockroaches (D:1)
  2 goblins (D:1)
  3 hobgoblins
  6 kobolds (D:1)
  A quokka (D:2)
  8 frilled lizards
  A rat (D:1)
37 creatures vanquished.

Notes
Turn   | Place    | Note
-------+----------+-------------------------------------------
     0 | Abyss:1  | MovingMist the Gargoyle Abyssal Knight began the quest for the Orb.
     0 | Abyss:1  | Reached XP level 1. HP: 14/14 MP: 2/2
     4 | Abyss:1  | Found a corrupted altar of Lugonu.
    49 | D:1      | Escaped the Abyss
    76 | D:1      | Reached skill level 1 in Dodging
   120 | D:1      | Reached XP level 2. HP: 18/19 MP: 3/3
   245 | D:1      | Reached XP level 3. HP: 15/23 MP: 4/4
   316 | D:1      | Reached ** piety under Lugonu
   640 | D:2      | Noticed Sigmund
   677 | D:2      | Killed from afar by Sigmund

Skill      XL: |  1  2  3 |
---------------+----------+-----
Dodging        | 1 2 |  2.1
Fighting       | |  3.4
Maces & Flails | |  2.4
Armour         | |  2.1
Invocations    | |  2.2

Action                   || total
-------------------------++-------
Melee: Mace              ||   100
Armor: Leather armour    ||    62
       Ring mail         ||     7
Dodge: Dodged            ||   111
